 Dungeon Crawl Stone Soup version 0.31-a0-133-gaae7365 (webtiles) character file.

Game seed: 1449073168923794289

1692730 Wizard1ke the Djinni Child (level 27, 126/184 HPs)
             Began as a Djinni Enchanter on June 2, 2023.
             Was a Follower of Hepliaklqana.
             Escaped with the Orb
             ... and 3 runes!
             The game lasted 03:13:27 (69173 turns).

Wizard1ke the Djinni Child (Djinni Enchanter)      Turns: 69173, Time: 03:13:28

Health: 126/184    AC: 22    Str:  7    XL:     27
Gold:   3346       EV: 12    Int: 29    God:    Hepliaklqana [*.....] SH: 18 Dex: 15

rFire   + + +        C - +3 Elemental Staff {rElec rF+ rC+ AC+3}
rCold   + + .        b - +5 kite shield
rNeg    + . .        L - +5 Cigotuvi's embrace {Corpsefed rMiasma Drain rN+}
rPois   ∞            T - +2 helmet {Int+3}
rElec   +            w - +4 dragonskin cloak
rCorr   .            p - +2 pair of gloves
SInv    +            (boots unavailable)
Will    ++...        (no amulet)
Stlth   +            G - ring of the Mage {Wiz Archmagi}
HPRegen 0.50/turn    m - ring "Rocking" {Wiz *Corrode rC++ SInv Stlth-}
MPRegen 0.00/turn

%: corrode self (3%), wizardry (x2), archmagi
@: flying, studying Ice Magic
A: reduced essence, sickness immunity, fire resistance 2, cold vulnerability 1,
float, innate caster, HP casting, extra vitality 1, clumsy 1, dopey 1
0: Orb of Zot
}: 3/15 runes: decaying, silver, gossamer
a: Renounce Religion, Recall Ancestor, Ancestor Identity


You escaped.
You worshipped Hepliaklqana.
Hepliaklqana was aware of your devotion.
You visited 10 branches of the dungeon, and saw 48 of its levels.
You also visited: Bailey, Ice Cave and Desolation.

You collected 8736 gold pieces.
You spent 5390 gold pieces at shops.

Inventory:

Hand Weapons
 C - the +3 Elemental Staff (weapon) {rElec rF+ rC+ AC+3}
   (You bought it in a shop on level 3 of the Vaults)

   It enhances your fire, ice, earth and air magic.
   AC:        It affects your AC (+3).
   rF:        It protects you from fire.
   rC:        It protects you from cold.
   rElec:     It insulates you from electricity.
Missiles
 s - 7 curare-tipped darts
 y - 15 throwing nets
Armour
 b - a +5 kite shield (worn)
 p - a +2 pair of gloves (worn)
 w - the +4 dragonskin cloak (worn)
   (You took it off Tiamat on level 3 of the Realm of Zot)

   Avatar's Aegis: It grants the wearer a chance to resist fire, cold, poison,
   electricity, acid, and negative energy.
 L - the +5 Cigotuvi's embrace (worn) {Corpsefed rMiasma Drain rN+}
   (You found it in a bailey)

   Corpsefed: It gathers nearby corpses to temporarily increase the armour it
   provides.
   rMiasma:   It protects you from foul pestilence.
   rN:        It protects you from negative energy.
   Drain:     It drains your maximum health when unequipped.
 T - a +2 helmet of intelligence (worn)
 Z - the +2 cloak of Siminies {rElec rPois Int+2 Dex-3}
   (You acquired it on level 5 of the Vaults)

   Int:       It affects your intelligence (+2).
   Dex:       It affects your dexterity (-3).
   rElec:     It insulates you from electricity.
   rPois:     It protects you from poison.
Jewellery
 e - an amulet of regeneration
 m - the ring "Rocking" (right hand) {Wiz *Corrode rC++ SInv Stlth-}
   (You bought it in a shop on level 4 of the Depths)

   [ring of wizardry]

   It improves your spell success rate.
   rC:        It greatly protects you from cold.
   SInv:      It lets you see invisible.
   *Corrode:  It may corrode you when you take damage.
   Stlth:     It makes you less stealthy.
 o - a +6 ring of intelligence
 r - the amulet "Xukkox Ahit" {Faith rF+}
   (You took it off a deep elf sorcerer on level 3 of the Elven Halls)

   [amulet of faith]

   It allows you to gain divine favour quickly.
   rF:        It protects you from fire.
 B - the amulet of the Four Winds {rN+ Will+++ Clar}
   (You took it off a deep elf knight on level 3 of the Elven Halls)

   [amulet of nothing]

   rN:        It protects you from negative energy.
   Clar:      It protects you from confusion, rage, mesmerisation and fear.
   Will:      It greatly increases your willpower.
 E - the ring "Asuipn" {rF+ rC+ Dex+6}
   (You found it on level 5 of the Lair of Beasts)

   [ring of dexterity]

   Dex:       It affects your dexterity (+6).
   rF:        It protects you from fire.
   rC:        It protects you from cold.
 G - the ring of the Mage (left hand) {Wiz Archmagi}
   (You took it off an ironbound convoker on level 5 of the Vaults)

   [ring of wizardry]

   It improves your spell success rate.
   Archmagi:  It increases the power of your magical spells.
Wands
 n - a wand of polymorph (9)
 A - a wand of charming (62)
 J - a wand of roots (15)
 M - a wand of flame (86)
 S - a wand of quicksilver (41)
 U - a wand of digging (8)
 Y - a wand of mindburst (27)
Scrolls
 d - 7 scrolls of vulnerability
 g - 21 scrolls of teleportation
 k - 8 scrolls of fear
 l - 16 scrolls of fog
 u - 8 scrolls of immolation
 x - 6 scrolls of butterflies
 D - 3 scrolls of magic mapping
 F - 12 scrolls of poison
 I - 3 scrolls of silence {!r}
 P - 8 scrolls of blinking
 V - 4 scrolls of enchant armour
Potions
 c - 14 potions of invisibility
 f - 6 potions of brilliance
 h - 17 potions of curing
 j - 22 potions of heal wounds
 q - 9 potions of mutation
 t - 8 potions of ambrosia
 z - 4 potions of lignification
 H - 7 potions of attraction
 O - 13 potions of haste
 R - 8 potions of enlightenment
 W - 3 potions of resistance
 X - 5 potions of cancellation
Miscellaneous
 a - a phantom mirror
 i - a sack of spiders
 v - a phial of floods
 N - a tin of tremorstones (2/2)


   Skills:
 - Level 20.0 Fighting
 - Level 0.8 Short Blades
 - Level 5.0 Dodging
 - Level 2.4 Stealth
 - Level 15.0 Shields
 + Level 24.8 Spellcasting
 + Level 24.8 Conjurations
 + Level 24.8 Hexes
   Level 0.0 Charms
 + Level 24.8 Summonings
 + Level 24.8 Necromancy
 + Level 24.8 Translocations
 + Level 24.8 Transmutations
 + Level 24.8 Fire Magic
 O Level 27 Ice Magic
 + Level 24.8 Air Magic
 + Level 24.8 Earth Magic
 + Level 24.8 Poison Magic
 O Level 27 Invocations
 - Level 5.0 Evocations


You knew the following spells:

 Your Spells              Type           Power      Damage    Failure   Level
a - Ensorcelled Hibernat  Hex/Ice        100%       N/A       0%          2
b - Confusing Touch       Hex            100%       N/A       0%          3
c - Tukima's Dance        Hex            100%       N/A       0%          3
d - Dazzling Flash        Conj/Hex       100%       N/A       0%          3
e - Shock                 Conj/Air       100%       1d9       0%          1
f - Passwall              Tmut/Erth      100%       N/A       0%          2
g - Summon Guardian Gole  Hex/Summ       100%       N/A       0%          3
h - Stone Arrow           Conj/Erth      100%       3d13      0%          3
i - Animate Dead          Necr           100%       N/A       0%          4
j - Leda's Unmaking       Conj/Erth      79%        9d13      0%          6
k - Orb of Destruction    Conj           66%        9d16      1%          7
l - Simulacrum            Ice/Necr       80%        N/A       0%          6
m - Lehudib's Crystal Sp  Conj/Erth      79%        10d18     1%          8
n - Malign Gateway        Summ/Tloc      66%        N/A       1%          7
o - Shatter               Erth           79%        3d58*     3%          9
q - Silence               Hex/Air        79%        N/A       0%          5
w - Death's Door          Necr           66%        N/A       3%          9
Your spell library was empty.

Dungeon Overview and Level Annotations

Branches:
Dungeon (15/15)            Temple (1/1) D:7            Lair (5/5) D:8
  Swamp (4/4) Lair:3       Spider (4/4) Lair:2        Slime (0/5) Lair:4
    Orc (2/2) D:10            Elf (3/3) Orc:2        Vaults (5/5) D:13
  Crypt (0/3) Vaults:3     Depths (4/4) D:15            Zot (5/5) Depths:4
 Bailey (visited)           IceCv (visited)         Desolation (visited)

Altars:
Ashenzari
Cheibriados
Dithmenos
Elyvilon
Fedhas
Gozag
Hepliaklqana
Makhleb
Nemelex Xobeh
Okawaru
Qazlal
Ru
Trog
Uskayaw
Wu Jian
Xom
Yredelemnul
Zin
The Shining One
Lugonu

Shops:
D:3 ![[   Orc:2 !=*(   Elf:1 :   Elf:2 [[?!?   Elf:3 !   Vaults:1 =
Vaults:3 (=***   Depths:1 [   Depths:2 [::   Depths:4 :==

Portals:
Hell: Depths:1 Depths:2 Depths:3 Depths:4
Abyss: Depths:2 Depths:3
Pandemonium: Orc:2 Depths:1 Depths:2 Depths:4
Ziggurat: Depths:1
Trove: Elf:1 (give 3 potions of resistance)

Annotations:
D:4 exclusion: ogre
Lair:5 exclusion: oklob plant
Spider:4 3 runed translucent doors, exclusion: 3 doors, Efacun's ghost, adept VSFi; Faawenk's ghost, adept SpEn; Vidovehi's ghost, adept DEEn
Elf:2 3 runed translucent doors, exclusion: 3 doors, Fuhasmuw's ghost, adept DsAK
Depths:3 1 transporter, 3 runed translucent doors, exclusion: 3 doors, Emaatuig's ghost, adept FoFi


Innate Abilities, Weirdness & Mutations

Your life essence is reduced to manifest your ancestor. (-10% HP)
You are immune to sickness and miasma.
You are immune to poison.
Your flesh is very heat resistant. (rF++)
You are vulnerable to cold. (rC-)
You float through the air rather than walking.
You learn spells naturally, not from books.
Your magical power is your life essence.
You have superior vitality. (+4 MHP)
You are clumsy. (Dex -2)
You are dopey. (Int -2)


Message History

Confirm with . or Enter, or press ? or * to list all spells.
Aiming: Lehudib's Crystal Spear (mildly dangerous; 1% risk of failure)
Press: ? - help, Shift-Dir - straight line, f - sixfirhy
Aim: a sixfirhy (67% to hit)
You feel a strong surge of power!
The crystal spear hits the sixfirhy!!!!
You kill the sixfirhy!
Really put on
r - the amulet "Xukkox Ahit" {Faith rF+}?
You start putting on your amulet.
You continue putting on the amulet "Xukkox Ahit" {Faith rF+}. x5
You finish putting on the amulet "Xukkox Ahit" {Faith rF+}.
You feel a surge of divine interest.
r - the amulet "Xukkox Ahit" (around neck) {Faith rF+} You can't go down here!
Okay, then.
Okay, then.
Really remove
r - the amulet "Xukkox Ahit" {Faith rF+}?
You start removing your amulet.
You continue taking off the amulet "Xukkox Ahit" {Faith rF+}. x4
A chunk of your corpse armour falls away.
You finish taking off the amulet "Xukkox Ahit" {Faith rF+}.
Hepliaklqana seems less interested in you.
You feel less pious.
You can no longer heal and protect your ancestor.
Really put on
r - the amulet "Xukkox Ahit" {Faith rF+}?
You start putting on your amulet.
You continue putting on the amulet "Xukkox Ahit" {Faith rF+}. x5
You finish putting on the amulet "Xukkox Ahit" {Faith rF+}.
You feel a surge of divine interest.
r - the amulet "Xukkox Ahit" (around neck) {Faith rF+} Really remove
r - the amulet "Xukkox Ahit" {Faith rF+}?
You start removing your amulet.
You continue taking off the amulet "Xukkox Ahit" {Faith rF+}. x4
You finish taking off the amulet "Xukkox Ahit" {Faith rF+}.
Hepliaklqana seems less interested in you.
You feel less pious.
You swap places.
A sun demon comes into view.
There is a staircase leading out of the dungeon here.
Okay, then.
You have escaped!

#.##.# #.# #. #.##.####.##.###
### #######..............# #..
#........♣♣♣♣.♣♣♣♣...# #.#
#.######.♣..........# #.# #.#
#.♣........♣.# #.# #.#
#.♣..........# ##.# #.#
#.♣........♣.#######...
##.######.♣..R@....♣.>...##.###
#.#.......♣........♣..##.#.## #
##.####.#.♣..........#.#.#.#
######.#.♣........3.##..#.## #
#......♣♣♣♣♣♣♣♣♣.##...#.###
#.###............##........ #.#
#####.#.#.#####...##.## #.#
#.....## ##.###.# #.# #.##...##
#.# #.#


You could see the friendly Ealamassi the battlemage and a sun demon (ally
target).

Vanquished Creatures
  A dread lich (Zot:5)
  Tiamat (Zot:3)
  3 ancient liches
  5 orbs of fire
  A juggernaut (Depths:4)
  Bai Suzhen (Vaults:3)
  Boris (Vaults:3)
  3 curse toes
  7 Killer Klowns
  4 golden dragons
  3 bone dragons
  3 electric golems
  Arachne (Spider:4)
  Jorgrun (D:13)
  2 deep elf blademasters (Elf:3)
  15 tentacled monstrosities
  3 titans (Vaults:5)
  An Ice Fiend (D:15)
  22 Orb Guardians
  Rupert (D:12)
  2 Executioners
  4 quicksilver dragons
  2 deep elf master archers (Elf:3)
  7 sphinxes
  6 storm dragons
  2 tengu reavers
  Gastronok (D:12)
  Frances (Spider:2)
  9 shadow dragons
  2 thorn hunters (Swamp:4)
  14 death cobs
  9 draconian monks
  2 demonspawn warmongers
  2 iron dragons (Vaults:5)
  5 fire giants
  3 draconian knights
  5 draconian scorchers
  An imperial myrmidon (Desolation)
  13 frost giants
  An emperor scorpion (Spider:4)
  15 vault wardens
  Louise (Spider:3)
  7 deep elf sorcerers
  4 balrugs
  6 ghost moths
  4 draconian stormcallers
  11 ironbound preservers
  7 draconian annihilators
  2 draconian shifters (Zot:4)
  A spriggan defender (Depths:4)
  2 broodmothers
  3 deep elf elementalists (Elf:3)
  14 very ugly things
  2 war gargoyles (Vaults:5)
  A reaper (Zot:5)
  12 stone giants
  7 ironbound thunderhulks
  8 deep elf annihilators
  9 black draconians
  14 green draconians
  A demonspawn black sun (D:15)
  18 purple draconians
  5 bunyips
  A vampire knight (Depths:1)
  An eleionoma (Swamp:2)
  A halazid warlock (Desolation)
  14 yellow draconians
  5 deep elf demonologists
  4 dire elephants (Vaults:2)
  9 red draconians
  12 white draconians
  4 spark wasps
  Azrael (D:15)
  10 deep elf death magi
  4 ragged hierophants (Desolation)
  2 blizzard demons
  Josephine (D:12)
  A jiangshi (Depths:3)
  12 ettins
  2 fire dragons
  3 shambling mangroves
  4 crystal guardians
  An ettin (shapeshifter) (Vaults:5)
  A green death (Zot:3)
  Harold (D:11)
  5 deep elf high priests
  11 yaktaur captains
  7 great orbs of eyes
  5 entropy weavers
  35 vault guards
  2 rakshasas (Depths:3)
  6 ice dragons
  6 servants of whispers (Desolation)
  A caustic shrike simulacrum (IceCv)
  5 ironbound frosthearts
  2 ogre magi (Vaults:5)
  14 hydras
  A jorogumo (Spider:3)
  3 catoblepae (Lair:5)
  A hell beast (Depths:4)
  3 spriggan air magi
  Erica (D:9)
  A ghost crab (Swamp:4)
  3 radroaches
  7 peacekeepers
  8 centaur warriors
  5 two-headed ogres
  9 deep troll earth magi
  3 death yaks (Lair:5)
  5 deep troll shamans
  17 demonic crawlers
  A vampire mage (Depths:1)
  25 dancing weapons
  7 alligators
  7 boulder beetles
  6 orc high priests (Orc:2)
  3 tengu warriors
  3 hell knights (Depths:4)
  6 sun demons
  3 soul eaters
  5 spriggans
  Amaemon (Lair:1)
  16 deep elf knights
  8 iron trolls
  2 pharaoh ants
  A death drake (Zot:2)
  3 sun moths
  2 skysharks
  A sixfirhy (D:1)
  3 goliath frogs
  2 glowing orange brains
  5 bog bodies
  10 swamp dragons
  46 deep trolls
  8 orb spiders
  5 deep elf archers
  2 spriggan druids
  A flayed ghost (Depths:2)
  21 ironbound convokers
  14 wizards
  26 deep elf pyromancers
  2 orange crystal statues (IceCv)
  3 necromancers
  5 steelbarb worms
  5 phantasmal warriors
  7 lindwurms
  11 wolf spiders
  8 orc knights
  5 will-o-the-wisps
  23 ugly things
  21 deep elf zephyrmancers
  A human zombie (Vaults:3)
  3 orc sorcerers (Orc:2)
  3 cyclopes
  4 manticores
  2 statues (D:12)
  A shining eye (shapeshifter) (Vaults:5)
  25 moths of wrath
  An elephant (shapeshifter) (Vaults:5)
  5 elephants
  3 rust devils
  2 smoke demons (Orc:2)
  2 ice statues (Spider:1)
  Maurice (D:9)
  23 vault sentinels
  A torpor snail (shapeshifter) (Vaults:5)
  6 cane toads
  6 black mambas
  4 torpor snails
  An orange demon (Lair:1)
  An efreet (Zot:5)
  Psyche (D:8)
  2 unseen horrors (D:12)
  8 komodo dragons
  A kobold demonologist (D:13)
  2 anaconda simulacra (IceCv)
  A yaktaur (shapeshifter) (Depths:3)
  5 freezing wraiths
  50 yaktaurs
  A tengu conjurer (Depths:1)
  2 guardian mummies (Zot:2)
  An ice devil (Depths:1)
  A golden dragon simulacrum (IceCv)
  5 trolls
  2 meliai (Spider:3)
  4 tyrant leeches
  3 polar bears (Lair:1)
  11 hornets
  2 bloated husks (Swamp:3)
  3 hellwings
  15 tarantellas
  40 saltlings
  14 blink frogs
  21 slime creatures
  19 jumping spiders
  16 culicivoras
  7 water elementals
  42 yaks
  A dire elephant simulacrum (IceCv)
  A slime creature (shapeshifter) (Vaults:4)
  3 basilisks
  3 air elementals
  A wyvern (D:8)
  8 wraiths
  7 fire elementals
  2 chaos spawn (Depths:1)
  2 large abominations
  36 redbacks
  16 vampire mosquitoes
  A steam dragon (Lair:1)
  4 wargs
  10 swamp worms
  An acid dragon (D:9)
  8 water moccasins
  5 hell hounds
  Duvessa (D:7)
  2 hydra simulacra (IceCv)
  2 sky beasts (D:7)
  A floating eye (Depths:1)
  12 swamp drakes
  3 ice beasts (D:7)
  2 alligator simulacra (IceCv)
  28 orc warriors
  3 ettin simulacra (IceCv)
  5 wolves (Lair:1)
  3 ogres
  17 centaurs
  5 kobold brigands
  7 bullfrogs
  4 scorpions
  7 wights
  12 killer bees
  Dowan (D:7)
  A lindwurm simulacrum (IceCv)
  4 electric eels
  5 howler monkeys
  2 human simulacra (Vaults:3)
  21 orc priests
  2 hounds
  A jelly (D:6)
  A gnoll bouda (D:5)
  3 iguanas
  2 sleepcaps
  Natasha (thrice) (D:3)
  15 orc wizards
  4 hell rats (Lair:4)
  Robin (D:2)
  7 gnolls
  6 adders
  An ufetubus (D:5)
  A worm (D:4)
  48 orcs
  4 bats
  9 endoplasms
  6 giant cockroaches
  16 goblins
  14 hobgoblins
  11 jackals
  4 quokkas
  7 ball pythons
  A frilled lizard (D:1)
  20 kobolds
  11 rats
1746 creatures vanquished.

Vanquished Creatures (collateral kills)
  Sojobo (Vaults:4)
  Xtahua (Vaults:3)
  A curse toe (Zot:2)
  3 golden dragons
  A deep elf blademaster (Depths:2)
  2 Orb Guardians (Zot:5)
  A tentacled monstrosity (Zot:1)
  A quicksilver dragon (Zot:1)
  2 sphinxes (Vaults:5)
  4 titans
  A thorn hunter (Swamp:4)
  3 tengu reavers
  A death cob (Zot:2)
  6 storm dragons
  9 shadow dragons
  A fire giant (Depths:4)
  3 frost giants
  4 vault wardens
  3 emperor scorpions (Spider:4)
  3 draconian knights
  An imperial myrmidon (Desolation)
  A deep elf sorcerer (Elf:3)
  3 ghost moths
  2 orc warlords (Depths:2)
  3 stone giants (Depths:2)
  A deep elf elementalist (Elf:3)
  2 broodmothers (Spider:4)
  An angel (Depths:1)
  A spriggan defender (Depths:4)
  A war gargoyle (Vaults:5)
  9 ironbound preservers
  2 vampire knights (Depths:3)
  4 very ugly things
  A draconian annihilator (Depths:4)
  Nessos (D:13)
  A deep elf demonologist (Elf:3)
  A lorocyproca (D:15)
  5 black draconians
  A purple draconian (Zot:1)
  A red draconian (Zot:5)
  3 deep elf annihilators (Elf:3)
  A spark wasp (Depths:4)
  A white draconian (Zot:1)
  3 dire elephants
  Snorg (D:12)
  A deep elf death mage (Vaults:5)
  4 fire dragons
  4 ettins
  A ragged hierophant (Desolation)
  A crystal guardian (Desolation)
  7 yaktaur captains
  An entropy weaver (Spider:3)
  2 jiangshi (Depths:3)
  A servant of whispers (Desolation)
  2 vault guards
  A great orb of eyes (Vaults:1)
  2 ice dragons
  A rakshasa (Depths:2)
  A peacekeeper (Desolation)
  2 hydras (Swamp:4)
  A spriggan air mage (Depths:2)
  A catoblepas (Lair:4)
  An ironbound frostheart (Vaults:2)
  An ogre mage (D:15)
  2 deep troll shamans (Depths:3)
  A demonspawn (Orc:2)
  3 alligators
  2 centaur warriors
  A radroach (Spider:3)
  4 two-headed ogres
  2 dancing weapons
  2 tengu warriors
  2 death yaks (Lair:5)
  A vampire mage (Depths:3)
  A deep troll earth mage (Depths:3)
  5 demonic crawlers
  A sun demon (D:10)
  An orc high priest (Orc:2)
  6 deep elf knights
  A soul eater (Zot:2)
  2 hell knights (Depths:4)
  A sun moth (Spider:3)
  6 iron trolls
  A death drake (Zot:2)
  A glowing orange brain (Vaults:1)
  17 deep trolls
  A spriggan druid (Swamp:2)
  2 orb spiders
  5 ironbound convokers
  A swamp dragon (Swamp:4)
  A bog body (Swamp:4)
  3 deep elf archers
  A phantasmal warrior (Vaults:5)
  2 necromancers (Depths:4)
  3 steelbarb worms
  11 orc knights
  6 deep elf zephyrmancers
  2 orc sorcerers
  14 ugly things
  A deep elf pyromancer (Elf:3)
  A cyclops (shapeshifter) (Vaults:5)
  2 wolf spiders
  4 elephants (Lair:5)
  A will-o-the-wisp (Swamp:1)
  11 moths of wrath
  A cyclops (D:11)
  A manticore (Lair:5)
  A black mamba (Lair:4)
  An eye of devastation (shapeshifter) (Depths:4)
  A guardian serpent (Desolation)
  A black mamba (shapeshifter) (Vaults:5)
  7 vault sentinels
  2 cane toads
  An orange demon (D:2)
  11 yaktaurs
  4 komodo dragons
  A troll (D:11)
  A hellwing (Orc:2)
  A meliai (Spider:3)
  3 polar bears
  A wind drake (shapeshifter) (Elf:3)
  2 tyrant leeches (Swamp:2)
  10 blink frogs
  A hornet (shapeshifter) (D:15)
  4 saltlings (Desolation)
  A hornet (Swamp:3)
  2 tarantellas
  14 slime creatures
  A snapping turtle (shapeshifter) (Vaults:5)
  A vampire (D:12)
  A wraith (D:12)
  4 culicivoras
  A dire elephant simulacrum (IceCv)
  2 water elementals
  A basilisk (Lair:4)
  7 vampire mosquitoes
  16 yaks
  5 redbacks
  A harpy simulacrum (IceCv)
  2 hell hounds
  A water moccasin (Lair:5)
  8 orc warriors
  A swamp drake (Swamp:1)
  A sky beast (D:6)
  An alligator simulacrum (IceCv)
  2 ogres (D:15)
  3 wolves (Lair:1)
  6 centaurs
  A kobold brigand (D:13)
  3 bullfrogs
  A wight (D:8)
  A lindwurm simulacrum (IceCv)
  2 killer bees
  3 howler monkeys (D:10)
  2 jellies (Lair:4)
  2 orc priests
  A gnoll bouda (Orc:1)
  3 hell rats (Lair:4)
  A gnoll (Orc:1)
  24 orcs
  4 kobolds
457 creatures vanquished.

Vanquished Creatures (others)
  A cane toad (Lair:1)
  An ice beast (D:5)
  An ogre (D:5)
  A boggart (D:13)
  39 battlemagi
  3 ancestors
  A kobold (D:8)
  10 foxfires
57 creatures vanquished.

Grand Total: 2260 creatures vanquished

Notes
Turn   | Place    | Note
-------+----------+-------------------------------------------
     0 | D:1      | Wizard1ke the Djinni Enchanter began the quest for the Orb.
     0 | D:1      | Wizard1ke set off with the following spells memorised:
                  | Ensorcelled Hibernation, Confusing Touch, Tukima's Dance,
                  | Dazzling Flash.
     0 | D:1      | Reached XP level 1. HP: 15/15 MP: 0/0
   123 | D:1      | Reached skill level 1 in Fighting
   172 | D:1      | Reached XP level 2. HP: 22/22 MP: 0/0
   458 | D:1      | Reached XP level 3. HP: 27/29 MP: 0/0
   458 | D:1      | Learned a level 1 spell: Shock
  1007 | D:2      | Reached XP level 4. HP: 28/34 MP: 0/0
  1250 | D:2      | Noticed Robin
  1321 | D:2      | Killed Robin
  1990 | D:3      | Reached XP level 5. HP: 39/40 MP: 0/0
  1990 | D:3      | Learned a level 2 spell: Passwall
  2110 | D:3      | Found Yliyr's Antique Armour Shop.
  2141 | D:3      | Noticed Natasha
  2151 | D:3      | Killed Natasha
  2172 | D:3      | Noticed Natasha
  2179 | D:3      | Killed Natasha
  2310 | D:3      | Found Renoal's Antique Armour Emporium.
  2330 | D:3      | Noticed Natasha
  2435 | D:3      | Reached XP level 6. HP: 44/46 MP: 0/0
  2747 | D:3      | Found Weletaeb's Distillery.
  2755 | D:3      | Bought a potion of curing for 30 gold pieces
  2755 | D:3      | Bought a potion of enlightenment for 50 gold pieces
  2808 | D:3      | Killed Natasha
  3228 | D:4      | Identified the +0 robe of Bitterness {Harm rC- rN+++}
  3519 | D:4      | Noticed an ogre
  3559 | D:4      | Reached skill level 5 in Spellcasting
  3559 | D:4      | Reached skill level 5 in Conjurations
  3559 | D:4      | Reached skill level 5 in Hexes
  3559 | D:4      | Reached skill level 5 in Summonings
  3559 | D:4      | Reached skill level 5 in Necromancy
  3559 | D:4      | Reached skill level 5 in Translocations
  3559 | D:4      | Reached skill level 5 in Transmutations
  3559 | D:4      | Reached skill level 5 in Fire Magic
  3559 | D:4      | Reached skill level 5 in Ice Magic
  3559 | D:4      | Reached skill level 5 in Air Magic
  3559 | D:4      | Reached skill level 5 in Earth Magic
  3559 | D:4      | Reached skill level 5 in Poison Magic
  3648 | D:4      | Reached XP level 7. HP: 47/50 MP: 0/0
  3648 | D:4      | Learned a level 3 spell: Summon Guardian Golem
  4044 | D:5      | Entered Level 5 of the Dungeon
  4383 | D:5      | Reached XP level 8. HP: 37/58 MP: 0/0
  4686 | D:5      | Found a shimmering altar of Xom.
  5053 | D:6      | Found an ornate altar of the Wu Jian Council.
  5053 | D:6      | Found a hazy altar of Hepliaklqana.
  5061 | D:6      | Became a worshipper of Hepliaklqana the Forgotten
  5262 | D:6      | Reached skill level 5 in Fighting
  5267 | D:6      | Reached skill level 5 in Dodging
  5426 | D:6      | Reached * piety under Hepliaklqana
  5825 | D:7      | Reached XP level 9. HP: 55/58 MP: 0/0
  5825 | D:7      | Learned a level 3 spell: Stone Arrow
  5883 | D:7      | Found a staircase to the Ecumenical Temple.
  5904 | Temple   | Entered the Ecumenical Temple
  6424 | D:7      | Found a flagged portal.
  6439 | Bailey   | Entered a bailey
  6771 | Bailey   | Found a large runed translucent door.
  6771 | Bailey   | Found a large runed translucent door.
  6775 | Bailey   | Noticed an orc knight
  6776 | Bailey   | Noticed a deep elf pyromancer
  6777 | Bailey   | Found the +4 Cigotuvi's embrace {Corpsefed rMiasma Drain
                  | rN+}
  6785 | Bailey   | Killed an orc knight
  6786 | Bailey   | Reached XP level 10. HP: 42/63 MP: 0/0
  6868 | Bailey   | Killed a deep elf pyromancer
  6888 | Bailey   | Identified the +7 crystal plate armour of the True Pharaoh
                  | {Rampage rElec Dex+2}
  7045 | D:7      | Noticed Dowan
  7060 | D:7      | Noticed Duvessa
  7065 | D:7      | Killed Duvessa
  7077 | D:7      | Killed Dowan
  7080 | D:7      | Reached skill level 10 in Spellcasting
  7080 | D:7      | Reached skill level 10 in Conjurations
  7080 | D:7      | Reached skill level 10 in Hexes
  7080 | D:7      | Reached skill level 10 in Summonings
  7080 | D:7      | Reached skill level 10 in Necromancy
  7080 | D:7      | Reached skill level 10 in Translocations
  7080 | D:7      | Reached skill level 10 in Transmutations
  7080 | D:7      | Reached skill level 10 in Fire Magic
  7080 | D:7      | Reached skill level 10 in Ice Magic
  7080 | D:7      | Reached skill level 10 in Air Magic
  7080 | D:7      | Reached skill level 10 in Earth Magic
  7080 | D:7      | Reached skill level 10 in Poison Magic
  7369 | D:7      | Reached skill level 1 in Invocations
  7394 | D:7      | Identified the ring of the Distant Future {Ice *Slow Int+4}
  7656 | D:7      | Found an opulent altar of Gozag.
  7978 | D:8      | Noticed an elephant
  8054 | D:8      | Killed an elephant
  8120 | D:8      | Reached XP level 11. HP: 58/68 MP: 0/0
  8120 | D:8      | Learned a level 4 spell: Animate Dead
  8180 | D:8      | Found a staircase to the Lair.
  8511 | D:8      | Reached ** piety under Hepliaklqana
  8512 | D:8      | Remembered your ancestor Ealamassi as a battlemage
  8707 | D:8      | Noticed Psyche
  8712 | D:8      | Killed Psyche
  8713 | D:8      | Reached skill level 5 in Invocations
  9179 | D:9      | Noticed a two-headed ogre
  9184 | D:9      | Killed a two-headed ogre
  9265 | D:9      | Noticed Erica
  9272 | D:9      | Killed Erica
  9402 | D:9      | Found a shadowy altar of Dithmenos.
  9514 | D:9      | Noticed Maurice
  9521 | D:9      | Killed Maurice
  9586 | D:9      | Found a white marble altar of Elyvilon.
  9952 | D:10     | Entered Level 10 of the Dungeon
  9952 | D:10     | Found a staircase to the Orcish Mines.
 10013 | D:10     | Reached *** piety under Hepliaklqana
 10393 | D:10     | Found Zin's Purification Station.
 10402 | D:10     | Found a glowing silver altar of Zin.
 10407 | D:10     | Bought a potion of curing for 90 gold pieces
 10430 | D:10     | Reached XP level 12. HP: 74/79 MP: 0/0
 10444 | D:10     | Noticed a two-headed ogre
 10449 | D:10     | Killed a two-headed ogre
 10880 | Lair:1   | Entered Level 1 of the Lair of Beasts
 11384 | Lair:1   | Reached skill level 10 in Fighting
 11538 | Lair:1   | Noticed Amaemon
 11547 | Lair:1   | Killed Amaemon
 12019 | Lair:1   | Reached **** piety under Hepliaklqana
 12251 | Lair:2   | Noticed a boulder beetle
 12256 | Lair:2   | Killed a boulder beetle
 12257 | Lair:2   | Reached XP level 13. HP: 80/86 MP: 0/0
 12257 | Lair:2   | Learned a level 5 spell: Silence
 12401 | Lair:2   | Found a shimmering altar of Xom.
 12480 | Lair:2   | Found a hole to the Spider Nest.
 13192 | Lair:3   | Reached ***** piety under Hepliaklqana
 13609 | Lair:3   | Found a staircase to the Swamp.
 14199 | Lair:4   | Found a runed translucent door.
 14202 | Lair:4   | Found a staircase to the Slime Pits.
 14296 | Lair:4   | Reached skill level 10 in Invocations
 14654 | Lair:4   | Noticed a catoblepas
 14659 | Lair:4   | Killed a catoblepas
 15367 | Lair:5   | Entered Level 5 of the Lair of Beasts
 15713 | Lair:5   | Noticed a six-headed hydra
 15719 | Lair:5   | Killed a six-headed hydra
 15720 | Lair:5   | Reached XP level 14. HP: 84/92 MP: 0/0
 15765 | Lair:5   | Identified the ring "Asuipn" {rF+ rC+ Dex+6}
 15797 | Lair:5   | Found an ornate altar of the Wu Jian Council.
 16898 | Lair:5   | Reached skill level 1 in Shields
 17608 | Lair:5   | Reached skill level 15 in Spellcasting
 17608 | Lair:5   | Reached skill level 15 in Conjurations
 17608 | Lair:5   | Reached skill level 15 in Hexes
 17608 | Lair:5   | Reached skill level 15 in Summonings
 17608 | Lair:5   | Reached skill level 15 in Necromancy
 17608 | Lair:5   | Reached skill level 15 in Translocations
 17608 | Lair:5   | Reached skill level 15 in Transmutations
 17608 | Lair:5   | Reached skill level 15 in Fire Magic
 17608 | Lair:5   | Reached skill level 15 in Ice Magic
 17608 | Lair:5   | Reached skill level 15 in Air Magic
 17608 | Lair:5   | Reached skill level 15 in Earth Magic
 17608 | Lair:5   | Reached skill level 15 in Poison Magic
 18560 | D:11     | Noticed Harold
 18568 | D:11     | Killed Harold
 18569 | D:11     | Reached skill level 5 in Shields
 19426 | D:12     | Noticed Rupert
 19444 | D:12     | Killed Rupert
 19448 | D:12     | Reached XP level 15. HP: 66/96 MP: 0/0
 19448 | D:12     | Learned a level 6 spell: Leda's Unmaking
 19989 | D:12     | Noticed Snorg
 19991 | D:12     | Noticed Gastronok
 20000 | D:12     | Killed Snorg
 20048 | D:12     | Killed Gastronok
 20233 | D:12     | Noticed Josephine
 20241 | D:12     | Killed Josephine
 21403 | D:13     | Noticed Nessos
 21408 | D:13     | Killed Nessos
 21985 | D:13     | Noticed Jorgrun
 22275 | Orc:1    | Entered Level 1 of the Orcish Mines
 22275 | Orc:1    | You are sucked into a shaft and drop 1 floor!
 22275 | Orc:2    | Entered Level 2 of the Orcish Mines
 23468 | Orc:2    | Found a staircase to the Elven Halls.
 23985 | Orc:2    | Found Neijetoy's Distillery.
 23989 | Orc:2    | Found Nugei's General Store.
 24370 | Orc:2    | Bought a scroll of teleportation for 45 gold pieces
 24495 | Orc:2    | Bought a potion of heal wounds for 70 gold pieces
 24495 | Orc:2    | Bought a potion of cancellation for 112 gold pieces
 24495 | Orc:2    | Bought a potion of invisibility for 112 gold pieces
 24495 | Orc:2    | Bought a potion of resistance for 140 gold pieces
 24495 | Orc:2    | Bought a potion of enlightenment for 70 gold pieces
 25369 | Orc:2    | Reached XP level 16. HP: 89/106 MP: 0/0
 25573 | Orc:2    | Found Gooso's Jewellery Emporium.
 25573 | Orc:2    | Found Inefeid's Antique Weapon Shoppe.
 25574 | Orc:2    | Found a one-way gate leading to the halls of Pandemonium.
 25576 | Orc:2    | Bought an amulet of regeneration for 390 gold pieces
 25742 | D:13     | Killed Jorgrun
 25905 | D:13     | Reached skill level 1 in Evocations
 26122 | D:13     | Found a gate to the Vaults.
 27202 | D:14     | You are sucked into a shaft and drop 1 floor!
 27202 | D:15     | Entered Level 15 of the Dungeon
 27575 | D:15     | Noticed Azrael
 27650 | D:15     | Killed Azrael
 28027 | D:15     | Found a staircase to the Depths.
 28027 | D:15     | Noticed a frost giant
 28032 | D:15     | Killed a frost giant
 28346 | Swamp:1  | Entered Level 1 of the Swamp
 28349 | Swamp:1  | Reached skill level 10 in Shields
 28402 | Swamp:1  | Reached skill level 5 in Evocations
 28543 | Swamp:1  | Reached XP level 17. HP: 100/114 MP: 0/0
 28543 | Swamp:1  | Learned a level 7 spell: Orb of Destruction
 28837 | Swamp:1  | Found a shimmering altar of Xom.
 29585 | Swamp:3  | Identified the +1 chain mail "Kakufim" {Dex+3}
 30286 | Swamp:4  | Entered Level 4 of the Swamp
 30327 | Swamp:4  | Noticed a thorn hunter
 30337 | Swamp:4  | Killed a thorn hunter
 30553 | Swamp:4  | Noticed a thorn hunter
 30574 | Swamp:4  | Killed a thorn hunter
 30644 | Swamp:4  | Reached skill level 15 in Fighting
 30896 | Swamp:4  | Noticed a thorn hunter
 30903 | Swamp:4  | Killed a thorn hunter
 30904 | Swamp:4  | Reached XP level 18. HP: 97/124 MP: 0/0
 30973 | Swamp:4  | Got a decaying rune of Zot
 31265 | Spider:1 | Entered Level 1 of the Spider Nest
 31307 | Spider:1 | Found a frozen archway.
 31410 | IceCv    | Entered an ice cave
 31658 | IceCv    | Identified the +1 robe of Dowdy Lucidity {rElec Int+3 SInv}
 33057 | Spider:2 | Noticed Frances
 33063 | Spider:2 | Killed Frances
 33982 | Spider:3 | Reached XP level 19. HP: 82/128 MP: 0/0
 33982 | Spider:3 | Learned a level 6 spell: Simulacrum
 34087 | Spider:3 | Noticed Louise
 34221 | Spider:3 | Identified the ring "Oxtastruvawk" {Str+5 Slay+4}
 34273 | Spider:3 | Killed Louise
 34507 | Spider:4 | Entered Level 4 of the Spider Nest
 34570 | Spider:4 | Noticed Arachne
 34579 | Spider:4 | Killed Arachne
 35646 | Spider:4 | Got a gossamer rune of Zot
 35815 | Spider:4 | Found a runed translucent gate.
 35816 | Spider:4 | Found a runed translucent gate.
 35816 | Spider:4 | Found a runed translucent gate.
 35817 | Spider:4 | Noticed Efacun's ghost (adept VSFi)
 35817 | Spider:4 | Noticed Vidovehi's ghost (adept DEEn)
 35817 | Spider:4 | Noticed Faawenk's ghost (adept SpEn)
 35817 | Spider:4 | Noticed Efacun's ghost (adept VSFi)
 36108 | Vaults:1 | Entered Level 1 of the Vaults
 36493 | Vaults:1 | Found a crumbling gateway.
 36519 | Desolati | Entered the Desolation of Salt
 36665 | Desolati | Reached XP level 20. HP: 118/135 MP: 0/0
 36718 | Desolati | Identified the +2 leather armour of the Kangaroo {+Blink
                  | +Inv}
 36718 | Desolati | Identified the ring of Temptation {rF+ rN+}
 36796 | Desolati | Identified the ring of the Squeaky God {rF+ MP+9 Dex+2}
 36863 | Desolati | Identified the staff of poison "Urrenwawa" {rPois Int+4}
 37039 | Desolati | Identified the +1 plate armour "Beusycoi" {Fly rCorr Int-2}
 37054 | Desolati | Identified the amulet "Runefom" {Rampage rC- Regen+ Dex+3}
 37065 | Desolati | Identified the +8 flail "Keiklak" {heavy, Fly rElec Str+4
                  | Dex-5}
 37065 | Desolati | Identified the amulet of the Moon {RegenMP Fragile Int+5
                  | Dex+3 SInv}
 37590 | Vaults:1 | Found Ferounee's Jewellery Emporium.
 37853 | Vaults:1 | Identified the +1 ring mail of Tyin {Dex+4}
 38819 | Vaults:2 | Reached XP level 21. HP: 95/144 MP: 0/0
 38819 | Vaults:2 | Learned a level 8 spell: Lehudib's Crystal Spear
 40681 | Vaults:3 | Reached skill level 15 in Invocations
 40740 | Vaults:3 | Found Roskoul's Jewellery Shop.
 40745 | Vaults:3 | Found Noriga Juwk's Assorted Antiques.
 40748 | Vaults:3 | Bought a ring of willpower for 425 gold pieces
 40762 | Vaults:3 | Noticed Boris
 40769 | Vaults:3 | Killed Boris
 40871 | Vaults:3 | Bought a wand of quicksilver (2) for 294 gold pieces
 40871 | Vaults:3 | Bought a potion of heal wounds for 175 gold pieces
 40970 | Vaults:3 | Bought a scroll of identify for 70 gold pieces
 40970 | Vaults:3 | Bought a scroll of identify for 70 gold pieces
 41031 | Vaults:3 | Found a staircase to the Crypt.
 41083 | Vaults:3 | Found Abbu's Assorted Antiques.
 41098 | Vaults:3 | Bought a scroll of blinking for 255 gold pieces
 41263 | Vaults:3 | Found Guotal's Weapon Shop.
 41296 | Vaults:3 | Bought the +3 Elemental Staff {rElec rF+ rC+ AC+3} for 913
                  | gold pieces
 41296 | Vaults:3 | Found the +3 Elemental Staff {rElec rF+ rC+ AC+3}
 41756 | Vaults:3 | Noticed Xtahua
 41759 | Vaults:3 | Noticed Bai Suzhen
 41759 | Vaults:3 | Killed Xtahua
 41760 | Vaults:3 | Reached XP level 22. HP: 67/156 MP: 0/0
 41774 | Vaults:3 | Killed Bai Suzhen
 42124 | Vaults:3 | Reached XP level 23. HP: 149/162 MP: 0/0
 42124 | Vaults:3 | Learned a level 7 spell: Malign Gateway
 42282 | Vaults:3 | Found Deetoneh's General Store.
 43011 | Vaults:4 | Noticed Sojobo
 43467 | Vaults:4 | Paralysed by an air elemental for 1 turns
 43471 | Vaults:4 | Paralysed by an air elemental for 1 turns
 43475 | Vaults:4 | Paralysed by an air elemental for 1 turns
 44113 | Elf:1    | Entered Level 1 of the Elven Halls
 44433 | Elf:1    | Found Megueten's Book Boutique.
 44540 | Elf:1    | Found a portal to a secret trove of treasure.
 45079 | Elf:2    | Found a runed translucent gate.
 45079 | Elf:2    | Found a runed translucent gate.
 45079 | Elf:2    | Found a runed translucent gate.
 45080 | Elf:2    | Noticed Fuhasmuw's ghost (adept DsAK)
 45098 | Elf:2    | Found Eroasch's Magic Scroll Emporium.
 45113 | Elf:2    | Bought a scroll of teleportation for 45 gold pieces
 45113 | Elf:2    | Bought a scroll of fog for 60 gold pieces
 45113 | Elf:2    | Bought a scroll of blinking for 112 gold pieces
 45113 | Elf:2    | Bought a scroll of poison for 60 gold pieces
 45192 | Elf:2    | Found a runed translucent gate.
 45192 | Elf:2    | Found a runed translucent gate.
 45215 | Elf:2    | Found a runed translucent gate.
 45297 | Elf:2    | Found Jareumiv's Antique Armour Emporium.
 45300 | Elf:2    | Found Bynuer's Antique Armour Boutique.
 45406 | Elf:2    | Found Yteafoesm's Distillery.
 45424 | Elf:2    | Found Niyn's Magic Scroll Emporium.
 45430 | Elf:2    | Bought a scroll of butterflies for 68 gold pieces
 45430 | Elf:2    | Bought a scroll of magic mapping for 127 gold pieces
 45762 | Elf:2    | Reached XP level 24. HP: 164/168 MP: 0/0
 46149 | Elf:3    | Entered Level 3 of the Elven Halls
 46160 | Elf:3    | Found Weina Ruzepn's Distillery.
 46605 | Elf:3    | Identified the amulet "Xukkox Ahit" {Faith rF+}
 46674 | Elf:3    | Identified the +5 dagger "Xuesmoi" {flame, rPois Int+2
                  | Dex+8}
 46857 | Elf:3    | Identified the +0 long sword of Revolt {distort, *Corrode
                  | rC+++ SInv Stlth+}
 46858 | Elf:3    | Identified the +1 flail of Decaying Valiance {freeze, rC+
                  | rCorr Str+2}
 46858 | Elf:3    | Identified the +0 leather armour of Vexation {Harm rPois
                  | rF++ Dex-5}
 46858 | Elf:3    | Identified the ring of the Unkillable {rF+ EV+5 Str+2 Int-2
                  | Dex+3}
 46878 | Elf:3    | Identified the +7 leather armour "Atrygh" {rN+ Str+5
                  | Slay-6}
 46940 | Elf:3    | Identified the +7 orcbow of the Curious Wonders {antimagic,
                  | rElec rCorr Str+2 Int+3}
 47075 | Elf:3    | Identified the +4 scale mail of Fun and Games {rC- Str+5
                  | Slay+5}
 47250 | Elf:3    | Identified the +0 ring mail "Hiphean" {Drain rElec rN+}
 47783 | Depths:1 | Entered Level 1 of the Depths
 47797 | Depths:1 | Found Orphoir's Antique Armour Emporium.
 47887 | Depths:1 | Found a gateway to Hell.
 48037 | Depths:1 | Reached ****** piety under Hepliaklqana
 48414 | Depths:1 | You are sucked into a shaft and drop 1 floor!
 48539 | Depths:2 | Reached XP level 25. HP: 141/173 MP: 0/0
 48539 | Depths:2 | Learned a level 9 spell: Shatter
 48982 | Depths:1 | Found a one-way gateway to a ziggurat.
 49457 | Depths:2 | Found Marachot's Book Shoppe.
 49558 | Depths:2 | Found Reol's Antique Armour Shoppe.
 49665 | Depths:2 | Found Bipsiqom's Book Shop.
 49684 | Depths:2 | Found a one-way gate to the infinite horrors of the Abyss.
 49851 | Depths:2 | Identified the +6 plate armour "Ymoobeg" {Int+4}
 49972 | Depths:2 | Found an iron altar of Okawaru.
 49992 | Depths:2 | Identified the +7 spear of Taph {heavy, Stlth+}
 50027 | Depths:2 | Identified the +4 chain mail of Refuge {+Blink MP+9}
 50100 | Depths:2 | Reached skill level 15 in Shields
 50791 | Depths:3 | Found a transporter.
 50805 | Depths:3 | Identified the ring "Tateoll" {Fly rElec}
 50899 | Depths:3 | Identified the +8 dagger "Mevobes" {flame, rPois rN+ Int+2}
 50938 | Depths:3 | Found a corrupted altar of Lugonu.
 51157 | Depths:3 | Found a runed translucent gate.
 51157 | Depths:3 | Found a runed translucent gate.
 51157 | Depths:3 | Found a runed translucent gate.
 51157 | Depths:3 | Noticed Emaatuig's ghost (adept FoFi)
 51358 | Depths:4 | Entered Level 4 of the Depths
 51433 | Depths:4 | Found Kecuc's Book Shop.
 51433 | Depths:4 | Found Waocaxtu's Jewellery Emporium.
 51434 | Depths:4 | Found Etwol's Jewellery Emporium.
 51443 | Depths:4 | Bought the ring "Rocking" {Wiz *Corrode rC++ SInv Stlth-}
                  | for 827 gold pieces
 52029 | Depths:4 | Noticed a juggernaut
 52034 | Depths:4 | Killed a juggernaut
 52517 | Depths:4 | Reached XP level 26. HP: 164/180 MP: 0/0
 53355 | Depths:4 | Found a gate to the Realm of Zot.
 53848 | Vaults:4 | Paralysed by an air elemental for 1 turns
 53850 | Vaults:4 | Paralysed by an air elemental for 1 turns
 53850 | Vaults:4 | Killed Sojobo
 53904 | Vaults:5 | Entered Level 5 of the Vaults
 53912 | Vaults:5 | Noticed an ancient lich
 54743 | Vaults:5 | Identified a scroll of acquirement
 54833 | Vaults:5 | Reached XP level 27. HP: 174/184 MP: 0/0
 54833 | Vaults:5 | Learned a level 9 spell: Death's Door
 54897 | Vaults:5 | Killed an ancient lich
 55018 | Vaults:5 | Identified the +8 morningstar of Unpleasantness {drain,
                  | *Rage rElec rPois rC++}
 55628 | Vaults:5 | Found the +3 giant club "Skullcrusher" {speed, Str+7}
 55730 | Vaults:5 | Got a silver rune of Zot
 55772 | Vaults:5 | Noticed an ancient lich
 55775 | Vaults:5 | Killed an ancient lich
 56532 | Vaults:5 | Acquired the +2 cloak of Siminies {rElec rPois Int+2 Dex-3}
 56920 | Zot:1    | Entered Level 1 of the Realm of Zot
 59366 | Zot:2    | Noticed an orb of fire
 60684 | Zot:2    | Identified the +0 halberd of Midsummer {flame, rPois Will+
                  | MP+9 Dex+2}
 61124 | Zot:2    | Killed an orb of fire
 61555 | Zot:3    | Noticed an orb of fire
 61562 | Zot:3    | Killed an orb of fire
 62247 | Zot:3    | Noticed a Killer Klown
 62249 | Zot:3    | Killed a Killer Klown
 62873 | Zot:3    | Noticed a Killer Klown
 62902 | Zot:3    | Killed a Killer Klown
 63364 | Zot:3    | Found the +4 dragonskin cloak
 63364 | Zot:3    | Noticed Tiamat
 63983 | Zot:3    | Killed Tiamat
 64408 | Zot:4    | Reached skill level 27 in Invocations
 65211 | Elf:2    | Bought a potion of haste for 150 gold pieces
 65211 | Elf:2    | Bought a potion of lignification for 45 gold pieces
 65256 | Elf:3    | Bought a potion of lignification for 45 gold pieces
 65517 | D:3      | Bought a potion of invisibility for 80 gold pieces
 65517 | D:3      | Bought a potion of haste for 100 gold pieces
 65785 | Vaults:3 | Bought 2 potions of haste for 300 gold pieces
 65785 | Vaults:3 | Bought a scroll of immolation for 60 gold pieces
 66243 | Zot:4    | Reached skill level 27 in Ice Magic
 66516 | Zot:4    | Identified the +0 scale mail of Follow the Leader {Int+3}
 66777 | Zot:5    | Entered Level 5 of the Realm of Zot
 67194 | Zot:5    | Identified the +3 scale mail "Emadis" {rC+}
 67238 | Zot:5    | Noticed an orb of fire
 67238 | Zot:5    | Noticed a Killer Klown
 67242 | Zot:5    | Noticed a dread lich
 67242 | Zot:5    | Noticed a Killer Klown
 67246 | Zot:5    | Killed a Killer Klown
 67246 | Zot:5    | Killed a Killer Klown
 67246 | Zot:5    | Killed a dread lich
 67247 | Zot:5    | Gained mutation: You are clumsy. (Dex -2) [an orb of fire]
 67458 | Zot:5    | Gained mutation: You are dopey. (Int -2) [an orb of fire]
 67460 | Zot:5    | Killed an orb of fire
 67461 | Zot:5    | Noticed a Killer Klown
 67468 | Zot:5    | Killed a Killer Klown
 67523 | Zot:5    | Noticed an ancient lich
 67525 | Zot:5    | Killed an ancient lich
 67771 | Zot:5    | Noticed an orb of fire
 67777 | Zot:5    | Killed an orb of fire
 67976 | Zot:5    | Noticed a Killer Klown
 67978 | Zot:5    | Killed a Killer Klown
 68225 | Zot:5    | Noticed a Killer Klown
 68227 | Zot:5    | Killed a Killer Klown
 68428 | Zot:5    | Noticed an orb of fire
 68432 | Zot:5    | Killed an orb of fire
 68552 | Zot:5    | Got the Orb of Zot
 68940 | D:10     | Noticed Zapurupe the pandemonium lord
 69173 | D:$      | Escaped with the Orb!

Illustrated notes

Levels and vault maps discovered:
D:1:      scummos_arrival_checkerplants, layout_loops_ring, serial_bayou_pond_e
D:2:      layout_basic, uniq_robin
D:3:      layout_loops_ring, kiku_gazebo_garden_becter, serial_shops,
          nicolae_shop_behind_doors, shop, shop,
          hangedman_decor_clover_reticule, uniq_natasha
D:4:      layout_basic
D:5:      layout_loops_ring, lemuel_round_altar, nicolae_figureground_pulse
D:6:      layout_loops_ring, chequers_temple_overflow_statue_of_worship,
          serial_bayou_pond_d
D:7:      layout_basic, grunt_gozag_breadcrumbs, minmay_temple_entry_arrows,
          enter_bailey_3, uniq_duvessa
D:8:      layout_loops_ring, david_lair_generic, serial_bayou_crossing,
          uniq_psyche
D:9:      layout_gridville, mainiacjoe_overflow_alcove_1, kennysheep_little_box,
          uniq_maurice, uniq_erica
D:10:     layout_cave_pools, zin_purify, orc_0_dummy,
          hangedman_abyss_or_decor_stagger
D:11:     layout_layer_cave, uniq_harold
D:12:     layout_gridville, skrybe_limestone_x, minmay_dual_archer_statues,
          uniq_snorg, uniq_rupert, uniq_josephine, uniq_gastronok
D:13:     layout_loops_ring, hangedman_vaults_entry_quadrant_bands,
          minmay_liquid_box, uniq_nessos, uniq_jorgrun
D:14:     layout_loops_ring, minmay_misc_feat_rows
D:15:     grunt_enter_depths_snipers, layout_rooms, uniq_azrael
Temple:   dpeg_chambers_temple
Lair:1:   layout_long_grid, cheibrodos_lair_lostbears, uniq_amaemon
Lair:2:   layout_chaotic_city, spider_nest_entry_webs, basic_altar,
          infiniplex_staircase_pool_2, serial_bayou_shore_b, lemuel_fruit_tree
Lair:3:   layout_hall_layers, minmay_swamp_entry_swarm,
          chequers_serial_rivers_room_a, grunt_megastairs_5
Lair:4:   layout_layer_cave, slime_entry_2
Lair:5:   evilmike_catoblepas_cave, layout_long_grid, basic_altar,
          grunt_megastairs_3
Swamp:1:  layout_basic_swamp, nicolae_swamp_godswood, infiniplex_staircase_pool
Swamp:2:  layout_basic_swamp, evilmike_swamp_ruin_house_4
Swamp:3:  layout_basic_swamp, hangedman_swamp_cone
Swamp:4:  swamp_basic_johnstein, layout_basic_swamp, swamp_pool1
Spider:1: layout_spider_delve, portal_ice_cave_entry_ice_statue_two,
          einodemon_crawler_minivault
Spider:2: layout_spider_delve, nicolae_spider_bug_shape, uniq_frances
Spider:3: nicolae_spider_hilbert_zone_5 [nicolae_spider_hilbert_3_sides_1_open,
          nicolae_spider_hilbert_4_sides_1_open,
          nicolae_spider_hilbert_4_sides_1_open,
          nicolae_spider_hilbert_6_sides_1_open,
          nicolae_spider_hilbert_6_sides_1_open], uniq_louise
Spider:4: guppyfry_spider_rune, gammafunk_ghost_cemetery,
          hangedman_spider_mandibles, worms_lemuel, uniq_arachne
Orc:1:    layout_caves
Orc:2:    pf_orc_diabolical, layout_diamond_mine, lightli_orcish_oven
Elf:1:    eino_elf_arrival_the_gate, layout_geoelf_grid, serial_shops, shop,
          nicolae_trove_entry_isolated, minivault_28
Elf:2:    nicolae_elf_blades_splatter_lattice [mumra_blade_entry_dagger],
          layout_gridlike, ebering_ghost_rock_garden, serial_shops,
          nicolae_diamond_shop, nicolae_shop_rolling_square, shop, shop,
          nicolae_shop_stone
Elf:3:    grunt_elf_hall_branching, layout_loops_ring, serial_shops, shop
Vaults:1: portal_desolation_entry_nicolae_nacl, ontoclasm_vaults_hangar,
          hangedman_vaults_capsules, vaults_room_grunt_arrival_ludios,
          vaults_dpeg_spiral, vaults_standard_mumra_enter_the_diamond,
          nicolae_vaults_diamond_1, v_misc_33, nicolae_vaults_meeting,
          hangedman_vaults_restitches, vaults_room_hallway,
          nicolae_vaults_stepped_doors, layout_vaults_ring, serial_shops,
          nicolae_shop_back_alley_shop
Vaults:2: hangedman_vaults_snaps, nicolae_vaults_doubleplus_tesselated,
          nicolae_vaults_little_squares_2, nicolae_vaults_octothorpe,
          v_pattern_3, v_misc_28, nicolae_vaults_trapezoid_4,
          nicolae_vaults_diamond_2, nicolae_vaults_tetromino_Z_2,
          vaults_room_fours, layout_vaults_chaotic_city, serial_glass
Vaults:3: v_misc_23, hangedman_vaults_river_flow, hangedman_vaults_nails,
          v_misc_3, nicolae_vaults_taking_the_gang_shopping,
          ontoclasm_vaults_chip, nicolae_vaults_closet_pinwheel_2,
          nicolae_vaults_octothorpe, nicolae_vaults_shipping_containers_3,
          nicolae_vaults_double_plus_2, layout_vaults_omnigrid, serial_shops,
          nicolae_shop_trees, shop, shop, nicolae_shop_gaudy_bauble,
          uniq_xtahua, uniq_boris, uniq_bai_suzhen
Vaults:4: v_misc_10, nicolae_vaults_trapezoid_2, vaults_room_hallway,
          vaults_room_hallway, st_cells, hangedman_vaults_nodes,
          vaults_dpeg_hooks, vaults_mumra_chevron, nicolae_vaults_big_ls,
          nicolae_vaults_little_squares_2, v_rooms_2,
          nicolae_vaults_trapezoid_lopsided_1, v_misc_22,
          nicolae_vaults_double_plus_1, layout_vaults_omnicross, uniq_sojobo
Vaults:5
Depths:1: layout_basic, enter_ziggurat_f, grunt_pan_entry_zigzag, hell_entry,
          nicolae_water_bricks, hangedman_abyss_or_decor_stabs,
          kennysheep_boxes, minmay_shop_star
Depths:2: evilmike_iron_armoury, layout_cave_pools,
          abyss_entry_small_statue_room, hell_entry, serial_shops, shop, shop,
          nicolae_shop_rolling_square, rand_demon_pan_entry_3,
          minmay_fractal_squares_gapless_7
Depths:3: gammafunk_sealed_library, layout_cave_shapes,
          biasface_ghost_demon_polymorph, abyss_entry_flame_altar,
          pf_coc_iceberg, infiniplex_staircase_pool_lava
Depths:4: grunt_bruiser_brothers, layout_gridlike, pan_entry,
          grunt_mini_vestibule, minmay_shop_grove, serial_bayou_shore_a
Zot:1:    layout_basic, zot_minivault_7
Zot:2:    hangedman_snap_crack_crunch, layout_onion_interference,
          grunt_ministairs_1
Zot:3:    grunt_zot_stairs_faceoff, layout_gridlike, zot_minivault_3,
          uniq_josephina, uniq_tiamat
Zot:4:    layout_misc_corridors, skrybe_zot_glass_2
Zot:5:    layout_misc_corridors

Skill      XL: |  1  2  3  4  5  6  7  8  9 10 11 12 13 14 15 16 17 18 19 20 21 22 23 24 25 26 27 |
---------------+----------------------------------------------------------------------------------+-----
Fighting       | 1 2 3 4 5 6 8 10 12 13 15 17 19 20 | 20.0
Spellcasting   | 3 4 5 6 9 10 11 12 13 15 16 17 18 20 21 22 24 | 24.8
Conjurations   | 3 4 5 6 9 10 11 12 13 15 16 17 18 20 21 22 24 | 24.8
Hexes          | 3 4 5 6 9 10 11 12 13 15 16 17 18 20 21 22 24 | 24.8
Summonings     | 3 4 5 6 9 10 11 12 13 15 16 17 18 20 21 22 24 | 24.8
Necromancy     | 3 4 5 6 9 10 11 12 13 15 16 17 18 20 21 22 24 | 24.8
Translocations | 3 4 5 6 9 10 11 12 13 15 16 17 18 20 21 22 24 | 24.8
Transmutations | 3 4 5 6 9 10 11 12 13 15 16 17 18 20 21 22 24 | 24.8
Fire Magic     | 3 4 5 6 9 10 11 12 13 15 16 17 18 20 21 22 24 | 24.8
Ice Magic      | 3 4 5 6 9 10 11 12 13 15 16 17 20 22 23 25 26 27 | 27.0
Air Magic      | 3 4 5 6 9 10 11 12 13 15 16 17 18 20 21 22 24 | 24.8
Earth Magic    | 3 4 5 6 9 10 11 12 13 15 16 17 18 20 21 22 24 | 24.8
Poison Magic   | 3 4 5 6 9 10 11 12 13 15 16 17 18 20 21 22 24 | 24.8
Dodging        | 3 5 |  5.0
Invocations    | 3 5 8 10 11 13 15 16 18 19 21 27 | 27.0
Shields        | 5 8 10 12 14 15 | 15.0
Evocations     | 5 |  5.0
Short Blades   | |  0.8
Stealth        | |  2.4

Action                     |  1- 3 |  4- 6 |  7- 9 | 10-12 | 13-15 | 16-18 | 19-21 | 22-24 | 25-27 || total
---------------------------+-------+-------+-------+-------+-------+-------+-------+-------+-------++-------
  Melee: Dagger            |    42 |       |     8 |       |       |       |       |       |       ||    50
         Long sword        |     7 |       |       |       |       |       |       |       |       ||     7
         Punch             |     3 |       |       |       |       |       |       |       |       ||     3
         Scimitar          |       |       |       |       |     3 |       |       |       |       ||     3
         Staff             |       |       |       |       |       |       |       |       |     1 ||     1
  Throw: Dart              |       |       |       |     3 |       |     1 |       |       |       ||     4
   Cast: Ensorcelled Hiber |    11 |       |       |       |       |       |       |       |       ||    11
         Shock             |    40 |   156 |    97 |       |       |       |       |       |       ||   293
         Summon Guardian G |       |       |     3 |       |       |       |       |       |       ||     3
         Stone Arrow       |       |       |    43 |   227 |   311 |       |       |       |       ||   581
         Leda's Unmaking   |       |       |       |       |   184 |   446 |   531 |   402 |   454 ||  2017
         Silence           |       |       |       |       |     1 |       |       |     1 |       ||     2
         Orb of Destructio |       |       |       |       |       |    21 |     2 |     1 |       ||    24
         Lehudib's Crystal |       |       |       |       |       |       |       |     1 |    97 ||    98
         Shatter           |       |       |       |       |       |       |       |       |   217 ||   217
 Invoke: Recall Ancestor   |       |       |     1 |     2 |    11 |     8 |     2 |     4 |    17 ||    45
         Ancestor Life: Ba |       |       |       |     1 |       |       |       |       |       ||     1
         Idealise          |       |       |       |       |     5 |    14 |    10 |     4 |    10 ||    43
         Transference      |       |       |       |       |     2 |     1 |     1 |       |       ||     4
  Evoke: Wand              |       |       |       |     4 |       |     4 |     1 |       |     6 ||    15
         Phial of floods   |       |       |       |       |     1 |       |     1 |     1 |       ||     3
    Use: Scroll            |       |       |     9 |     2 |     9 |     5 |     9 |     3 |     6 ||    43
         Potion            |       |       |     1 |     1 |     1 |       |     2 |     2 |     6 ||    13
   Stab: Sleeping          |    10 |       |       |       |       |       |       |       |       ||    10
 Armour: Robe              |     8 |     3 |    20 |       |       |       |     9 |    13 |     6 ||    59
         Leather armour    |       |       |       |    23 |    28 |    42 |     2 |       |    41 ||   136
  Dodge: Dodged            |    28 |    14 |    55 |    27 |    28 |    44 |    38 |    31 |    53 ||   318
  Block: Kite shield       |       |       |       |       |    28 |    59 |    56 |    36 |    63 ||   242
         Reflection        |       |       |       |       |    16 |       |       |       |       ||    16

Table legend: (Time is in decaauts)
 A = Elapsed time spent in this place.
 B = Non-inter-level travel time spent in this place.
 C = Inter-level travel time spent in this place.
 D = Time resting spent in this place.
 E = Time spent auto-exploring this place.
 F = Levels seen in this place.
 G = Mean time per level.
                   A        B        C        D        E       F      G
               +--------+--------+--------+--------+--------+-----+--------+
         Total |  69324 |  62858 |   6466 |  14410 |  35587 |  51 | 1359.3 |
       Dungeon |  18783 |  16013 |   2770 |   2101 |  11133 |  15 | 1252.2 |
        Temple |    494 |    472 |     22 |    144 |    295 |   1 |  494.0 |
          Lair |   7190 |   6677 |    513 |    982 |   4685 |   5 | 1438.0 |
         Swamp |   2871 |   2745 |    126 |    403 |   1707 |   4 |  717.8 |
   Spider Nest |   4377 |   4150 |    227 |    808 |   2234 |   4 | 1094.2 |
  Orcish Mines |   3639 |   3369 |    270 |   1102 |   1637 |   2 | 1819.5 |
   Elven Halls |   3581 |   3313 |    268 |    378 |   2098 |   3 | 1193.7 |
        Vaults |   9914 |   9129 |    785 |   1904 |   4710 |   5 | 1982.8 |
        Depths |   7120 |   6065 |   1055 |   1809 |   3240 |   4 | 1780.0 |
           Zot |   9515 |   9089 |    426 |   4116 |   3581 |   5 | 1903.0 |
        Bailey |    531 |    531 |      0 |    246 |     47 |   1 |  531.0 |
      Ice Cave |    281 |    281 |      0 |    118 |      9 |   1 |  281.0 |
    Desolation |   1023 |   1023 |      0 |    299 |    211 |   1 | 1023.0 |
               +--------+--------+--------+--------+--------+-----+--------+

Top non-repeatable levels by time:
   Orc:2: 2825 daAuts
Depths:4: 2624 daAuts
Vaults:5: 2570 daAuts
   Zot:1: 2438 daAuts
   Zot:3: 2268 daAuts
  Lair:5: 2240 daAuts
Vaults:3: 2170 daAuts
   Zot:2: 2142 daAuts
    D:13: 2136 daAuts
    D:12: 2102 daAuts
Vaults:1: 1852 daAuts
   Zot:4: 1818 daAuts
Depths:2: 1693 daAuts
Vaults:2: 1688 daAuts
Vaults:4: 1631 daAuts
